 Dungeon Crawl Stone Soup version 0.23.2-40-g277498a001 (webtiles) character file.

Game seed: 15011507393818332209

394 H0rd4k the Charlatan (level 7, -2/51 HPs)
             Began as a Human Artificer on Aug 30, 2019.
             Was an Initiate of Gozag.
             Slain by a centaur (4 damage)
             ... on level 6 of the Dungeon.
             The game lasted 00:08:35 (4521 turns).

H0rd4k the Charlatan (Human Artificer)              Turns: 4521, Time: 00:08:36

Health: -2/51      AC:  3    Str: 15    XL:     7   Next: 9%
Magic:  8/8        EV: 12    Int: 13    God:    Gozag
Gold:   218        SH:  0    Dex: 13    Spells: 6/6 levels left

rFire    . . .     SeeInvis .   n - +0 great sword
rCold    . . .     Gourm    .   (shield currently unavailable)
rNeg     . . .     Faith    .   x - +0 leather armour (curse)
rPois    .         Spirit   .   (no helmet)
rElec    .         Reflect  .   (no cloak)
rCorr    .         Harm     .   s - +0 pair of gloves
MR       .....                  (no boots)
Stlth    ++........             (no amulet)
HPRegen  0.17/turn              (no ring)
MPRegen  0.11/turn              (no ring)

@: gold aura
A: clever 1, deformed body, low mp 1
a: Potion Petition, Call Merchant, Bribe Branch, Renounce Religion


You were on level 6 of the Dungeon.
You worshipped Gozag.
Gozag was aware of your devotion.
You were not hungry.

You visited 2 branches of the dungeon, and saw 7 of its levels.

You collected 305 gold pieces.
You paid 87 gold pieces to Gozag.

Inventory:

Hand Weapons
 a - a +0 short sword
 n - a +0 great sword (weapon)
 o - a cursed -3 dagger
Missiles
 r - 11 tomahawks (quivered)
Armour
 b - a +0 leather armour
 s - a +0 pair of gloves (worn)
 x - a cursed +0 leather armour (worn)
Wands
 c - a wand of flame (13)
 d - a wand of enslavement (13)
 e - a wand of random effects (15)
 p - a wand of paralysis (14)
 v - a wand of acid (11)
Scrolls
 g - a scroll of enchant weapon {unknown}
 h - a scroll of noise {unknown}
 j - 2 scrolls of remove curse {unknown}
 k - 2 scrolls of identify
 l - a scroll of random uselessness {unknown}
 m - 4 scrolls of teleportation
 t - 2 scrolls of magic mapping {unknown}
 u - a scroll of enchant armour {unknown}
Potions
 i - a potion of lignification {unknown}
 q - a potion of resistance {unknown}
 w - 2 potions of berserk rage
Comestibles
 f - 9 rations


   Skills:
 + Level 2.6 Fighting
 + Level 1.6(2.8) Short Blades
 + Level 3.4(3.6) Long Blades
 + Level 2.9 Armour
 + Level 2.9 Dodging
 + Level 1.5 Stealth
 + Level 3.8 Evocations


You had 6 spell levels left.
You didn't know any spells.
Your spell library contained the following spells:

 Spells                   Type           Power        Failure   Level  Hunger
 Animate Skeleton         Necr           N/A          36%         1    ##.....
 Apportation              Tloc           #.....       36%         1    ##.....
 Confusing Touch          Hex            #.....       36%         1    ##.....
 Summon Small Mammal      Summ           #...         36%         1    ##.....


Dungeon Overview and Level Annotations

Branches:
Dungeon (6/15)             Temple (1/1) D:5

Altars:
Ashenzari
Cheibriados
Elyvilon
Fedhas
Gozag
Hepliaklqana
Kikubaaqudgha
Makhleb
Nemelex Xobeh
Okawaru
Qazlal
Ru
Sif Muna
Trog
Uskayaw
Vehumet
Wu Jian
Xom
Yredelemnul
Zin
The Shining One

Shops:
D:5 (   D:6 (

Annotations:
D:5 exclusion: upstairs


Innate Abilities, Weirdness & Mutations

Your mind is acute. (Int +2)
Armour fits poorly on your strangely shaped body.
Your magical capacity is low. (-10% MP)


Message History

* * * LOW HITPOINT WARNING * * *
The centaur barely misses you.
Okay, then.
Evoke which item? (* to show all) (? for menu, Esc to quit)
Aiming: Enslavement
Press: ? - help, Shift-Dir - straight line, f - centaur
Aim: a centaur (severely wounded, chance to defeat MR: 57%)
The centaur resists with significant effort.
The centaur barely misses you.
You riposte.
You hit the centaur but do no damage.
The centaur is severely wounded.
The centaur misses you.
Evoke which item? (* to show all) (? for menu, Esc to quit)
Aiming: Enslavement
Press: ? - help, Shift-Dir - straight line, f/p - centaur
Aim: a centaur (severely wounded, chance to defeat MR: 57%)
The centaur resists with significant effort.
The centaur hits you.
You die...
Your body crumbles into a pile of gold.

### ###
#.#############.####
#...................
#.#############..### #.#
#..... ###.# #..#.. #(#.#
#..#..
#.#.#############..##.
######...c@.........[......
....(≈≈≈(#######..#########
###≈≈≈(≈# .... #≈≈∩.Z......
#. #≈≈≈≈≈.c.... ##
#.≈≈≈..!.... +..#.........
# #############


You could see a centaur.

Vanquished Creatures
  A crimson imp (D:5)
  A hound (D:5)
  A bullfrog zombie (D:6)
  An orc priest (D:3)
  A bullfrog skeleton (D:5)
  An iguana (D:5)
  A worker ant (D:6)
  A hound skeleton (D:5)
  7 adders
  2 oozes
  An adder zombie (D:5)
  A dart slug (D:5)
  5 leopard geckos
  6 orcs
  4 giant cockroaches
  9 goblins
  14 hobgoblins
  2 jackals (D:3)
  12 kobolds
  2 quokkas
  5 bats
  13 frilled lizards
  A giant cockroach zombie (D:3)
  A jackal skeleton (D:5)
  8 rats
101 creatures vanquished.

Notes
Turn   | Place    | Note
-------+----------+-------------------------------------------
     0 | D:1      | H0rd4k the Human Artificer began the quest for the Orb.
     0 | D:1      | Reached XP level 1. HP: 15/15 MP: 3/3
   107 | D:1      | Reached XP level 2. HP: 20/21 MP: 4/4
   251 | D:1      | Reached XP level 3. HP: 14/26 MP: 5/5
   525 | D:2      | Found a sparkling altar of Nemelex Xobeh.
   683 | D:2      | Reached skill level 1 in Armour
   922 | D:2      | Reached XP level 4. HP: 32/32 MP: 6/6
  1769 | D:3      | Reached skill level 1 in Long Blades
  1774 | D:3      | Reached XP level 5. HP: 27/37 MP: 7/7
  2761 | D:3      | Found a glowing golden altar of the Shining One.
  2998 | D:4      | Gained mutation: Armour fits poorly on your strangely
                  | shaped body. [potion of mutation]
  2998 | D:4      | Gained mutation: Your magical capacity is low. (-10% MP)
                  | [potion of mutation]
  2998 | D:4      | Gained mutation: Your mind is acute. (Int +2) [potion of
                  | mutation]
  3010 | D:4      | HP: 1/38 [poisoned by an adder]
  3341 | D:5      | Entered Level 5 of the Dungeon
  3353 | D:5      | Reached XP level 6. HP: 32/44 MP: 7/7
  3778 | D:5      | Found a staircase to the Ecumenical Temple.
  3786 | Temple   | Entered the Ecumenical Temple
  3912 | Temple   | Became a worshipper of Gozag Ym Sagoz the Greedy
  3940 | D:5      | Found a stormy altar of Qazlal.
  3943 | D:5      | Found a shattered altar of Ashenzari.
  4151 | D:5      | Found an ancient bone altar of Kikubaaqudgha.
  4192 | D:5      | Found Ucittir's Weapon Shoppe.
  4487 | D:6      | Found Utoujy's Antique Weapon Shop.
  4499 | D:6      | Reached XP level 7. HP: 51/51 MP: 8/8
  4519 | D:6      | HP: 2/51 [centaur (2)]
  4521 | D:6      | Slain by a centaur

Skill      XL: |  1  2  3  4  5  6 |
---------------+-------------------+-----
Armour         | 1 2 |  2.9
Long Blades    | 1 2 3 |  3.4
Fighting       | 2 |  2.6
Short Blades   | |  1.6
Dodging        | |  2.9
Stealth        | |  1.5
Evocations     | |  3.8

Action                   |  1- 3 |  4- 6 |  7- 9 || total
-------------------------+-------+-------+-------++-------
Melee: Short sword       |    96 |       |       ||    96
       Great sword       |     4 |   196 |     8 ||   208
Throw: Tomahawk          |       |     2 |       ||     2
Evoke: Wand              |     2 |       |     2 ||     4
  Use: Potion            |       |     5 |       ||     5
       Scroll            |       |     2 |       ||     2
 Stab: Sleeping          |       |     2 |       ||     2
  Eat: Chunk             |       |    10 |       ||    10
       Ration            |       |     1 |       ||     1
Armor: Leather armour    |    16 |    63 |     4 ||    83
Dodge: Dodged            |    72 |   175 |    11 ||   258
       Rpst.: Great sword |     1 |    57 |     1 ||    59
